[Event "AZE-ch Women 2019"]
[Site "Baku"]
[Date "2019.02.06"]
[Round "3.1"]
[White "Gasimova, Samra"]
[Black "Mamedjarova, Zeinab"]
[Result "0-1"]
[ECO "E00"]
[WhiteElo "1693"]
[BlackElo "2307"]
[Annotator "ChessBase"]
[PlyCount "104"]
[EventDate "2019.02.04"]
[EventType "swiss"]
[EventCountry "AZE"]
[SourceTitle "playchess.com"]
[Source "ChessBase"]
[SourceQuality "1"]
[TimeControl "40/5400+30:1800+30"]

1. d4 e6 2. c4 Nf6 3. Nc3 Be7 4. e3 O-O 5. Bd3 d5 6. Nge2 c5 7. O-O dxc4 8. Bxc4 Nc6 9. b3 cxd4 10. Nxd4 Ne5 11. Be2 Qa5 12. Bb2 Bd7 13. a3 Rac8 14. Qd2 Rfd8 15. Rfd1 Qb6 16. b4 Nc4 17. Bxc4 Rxc4 18. Rac1 a5 19. bxa5 Qxa5 20. Ne4 Rxc1 21. Rxc1 Qd5 22. Nc3 Qh5 23. Qe2 Qa5 24. Qc4 e5 25. Nf3 h6 26. h3 Bc6 27. e4 Rc8 28. Nd5 Nxd5 29. exd5 Bd7 30. Qd3 Rxc1+ 31. Bxc1 Bd6 32. Bd2 Qa4 33. Bb4 Bxb4 34. axb4 Qxb4 35. Qe3 f6 36. Nd2 Qd4 37. Qxd4 exd4 38. Kf1 Bb5+ 39. Ke1 Kf7 40. Nf3 d3 41. Kd2 Bc4 42. d6 Ke6 43. Kc3 b5 44. Nd2 Kxd6 45. Ne4+ Ke5 46. Nc5 d2 47. Kxd2 Bf1 48. g3 Bxh3 49. Nd3+ Ke4 50. Nf4 Bg4 51. Nd3 g5 52. Ne1 h5 0-1

[Event "AZE-ch Women 2019"]
[Site "Baku"]
[Date "2019.02.06"]
[Round "3.3"]
[White "Beydullayeva, Govhar"]
[Black "Mamedjarova, Turkan"]
[Result "1/2-1/2"]
[ECO "A13"]
[WhiteElo "2239"]
[BlackElo "2267"]
[Annotator "ChessBase"]
[PlyCount "164"]
[EventDate "2019.02.04"]
[EventType "swiss"]
[EventCountry "AZE"]
[SourceTitle "playchess.com"]
[Source "ChessBase"]
[SourceQuality "1"]
[TimeControl "40/5400+30:1800+30"]

1. c4 e6 2. g3 d5 3. Nf3 Nf6 4. Bg2 Be7 5. d4 O-O 6. O-O dxc4 7. Qc2 b6 8. Ne5 Qxd4 9. Bxa8 Qxe5 10. Bf3 Nd5 11. Qxc4 c5 12. Nc3 Ba6 13. Qe4 Qxe4 14. Nxe4 Nc6 15. Nc3 Nxc3 16. bxc3 Ne5 17. Kg2 Bf6 18. Bd2 g5 19. h3 Rd8 20. Rfd1 Bc4 21. Be1 Rc8 22. Bd2 Kg7 23. Rdc1 Rd8 24. Be1 a6 25. Rc2 Nxf3 26. Kxf3 Bd5+ 27. Ke3 b5 28. Rd1 Rb8 29. Rb1 Rc8 30. f3 e5 31. Rd1 Bc4 32. g4 a5 33. Ke4 Be6 34. Rb1 Bc4 35. Bf2 a4 36. a3 Bb3 37. Rcc1 Be7 38. Rb2 Rd8 39. Be1 c4 40. Ra1 Kf6 41. Bg3 Bd6 42. Rd2 Ke6 43. f4 gxf4 44. Bh4 Rd7 45. e3 fxe3 46. Kxe3 Bc5+ 47. Ke2 Rxd2+ 48. Kxd2 f5 49. gxf5+ Kxf5 50. Bf2 Be7 51. Be3 h5 52. Ke2 Bc2 53. Ra2 Bb1 54. Rb2 Bd3+ 55. Kf3 Bf1 56. Rxb5 Bxh3 57. Bc5 Bg4+ 58. Kg2 Bd8 59. Rb4 Bd1 60. Rxc4 Bb3 61. Rb4 Ba5 62. Rh4 Bxc3 63. Rxh5+ Ke4 64. Rh3 Bb2 65. Kf1 Kd5 66. Bb4 Kc4 67. Rh4+ Kd3 68. Rh3+ Kd4 69. Ke2 Bc1 70. Rh1 Bg5 71. Rg1 Bc4+ 72. Kd1 Be3 73. Rg3 Bf4 74. Rg7 e4 75. Rd7+ Bd5 76. Ra7 Bg3 77. Be1 Bb3+ 78. Ke2 Bc4+ 79. Kd1 Bb3+ 80. Ke2 Bc4+ 81. Kd1 Bb3+ 82. Ke2 Bc4+ 1/2-1/2

[Event "AZE-ch Women 2019"]
[Site "Baku"]
[Date "2019.02.06"]
[Round "3.6"]
[White "Allahverdiyeva, Ayan"]
[Black "Babayeva, Samira"]
[Result "1-0"]
[ECO "B00"]
[WhiteElo "2051"]
[BlackElo "1773"]
[Annotator "NA RC"]
[PlyCount "51"]
[EventDate "2019.02.04"]
[EventType "swiss"]
[EventCountry "AZE"]
[SourceTitle "playchess.com"]
[Source "ChessBase"]
[SourceQuality "1"]
[TimeControl "40/5400+30:1800+30"]

1. e4 d6 2. d4 c6 3. Nc3 Qc7 4. f4 e5 5. Nf3 Nd7 6. Bc4 Be7 7. O-O Ngf6 {[%emt 0:04:44] [#]} 8. fxe5 $1 dxe5 9. Nxe5 Nxe5 10. Bf4 {[%emt 0:00:06] Pin} Bd6 11. dxe5 Bxe5 {[#]} 12. Bxf7+ $1 Ke7 13. Bxe5 Qxe5 14. Bb3 Ng4 15. Rf7+ Ke8 16. g3 Qc5+ 17. Kh1 Nf2+ $2 (17... Rf8 $16 {is more resistant.} 18. Rxf8+ Qxf8) 18. Rxf2 $1 Qxf2 19. Qh5+ Kf8 20. Bc4 g6 21. Qe5 Qf3+ 22. Kg1 Qe3+ 23. Kg2 Rg8 24. Qf6+ Ke8 25. Qf7+ Kd8 26. Rd1+ 1-0

[Event "AZE-ch Women 2019"]
[Site "Baku"]
[Date "2019.02.06"]
[Round "3.8"]
[White "Hajiyeva, Altunay"]
[Black "Ismayil, Malak"]
[Result "0-1"]
[ECO "C44"]
[WhiteElo "1315"]
[BlackElo "1905"]
[Annotator "NA RC"]
[PlyCount "90"]
[EventDate "2019.02.04"]
[EventType "swiss"]
[EventCountry "AZE"]
[SourceTitle "playchess.com"]
[Source "ChessBase"]
[SourceQuality "1"]
[TimeControl "40/5400+30:1800+30"]

1. e4 e5 2. Nf3 Nc6 3. d4 exd4 4. Nxd4 Qf6 5. Be3 Bc5 6. c3 Nge7 7. Bc4 b6 8. O-O O-O 9. Qd2 Qg6 10. f3 a5 (10... d5 $11 11. Bxd5 Nxd5 12. exd5 Ne5) 11. Qe2 $2 (11. Nb5 $14 {stays ahead.}) 11... Ne5 12. Nd2 Nxc4 13. Nxc4 Ba6 14. a4 $2 (14. Rfe1 $17) 14... d5 15. exd5 (15. Nb5 $142 Bxb5 16. axb5 dxc4 17. Bxc5 bxc5 18. Qxc4) 15... Nxd5 16. Qc2 Bxc4 17. Qxg6 hxg6 18. Rfe1 Nxe3 19. Rxe3 Rfe8 20. Ree1 Rxe1+ 21. Rxe1 Rd8 22. Rd1 Bxd4+ 23. cxd4 c5 24. d5 Rxd5 25. Rxd5 Bxd5 26. Kf2 Bc6 27. Ke3 Bxa4 28. f4 f5 29. g3 Kf7 30. h3 Ke6 31. Kd3 Kd5 32. Ke3 Kc4 33. g4 fxg4 34. hxg4 Bd7 35. Kd2 Bxg4 36. Kc2 Bf5+ 37. Kd2 Kb3 38. Kc1 a4 39. Kd2 Kxb2 40. Ke3 a3 41. Kf3 Kc3 42. Kg3 a2 43. Kh4 a1=Q 44. Kg5 Qg1+ 45. Kh4 Qg4# 0-1

[Event "AZE-ch Women 2019"]
[Site "Baku"]
[Date "2019.02.06"]
[Round "3.9"]
[White "Jafarova, Aysel"]
[Black "Hajiyeva, Laman"]
[Result "0-1"]
[ECO "A06"]
[WhiteElo "1376"]
[BlackElo "2040"]
[Annotator "NA RC"]
[PlyCount "86"]
[EventDate "2019.02.04"]
[EventType "swiss"]
[EventCountry "AZE"]
[SourceTitle "playchess.com"]
[Source "ChessBase"]
[SourceQuality "1"]
[TimeControl "40/5400+30:1800+30"]

1. Nf3 d5 2. g3 Nf6 3. Bg2 Bf5 4. c4 c6 5. b3 e6 6. Bb2 Be7 7. O-O h6 8. d3 O-O 9. Nbd2 Nbd7 10. Rc1 a5 11. Qc2 Rc8 12. Rfe1 Bh7 13. Bc3 b5 14. e4 Nc5 15. Nd4 Qb6 16. a3 (16. Ne2 $11) 16... b4 17. axb4 axb4 18. Bb2 Rfd8 19. Kf1 (19. cxd5 $142 cxd5 20. exd5 Nxd5 21. Nc4) 19... Ng4 20. f3 (20. Bh3 {is a better defense.} Nf6) 20... Ne5 21. Re3 (21. Nxe6 $142 Ncxd3 22. Bd4) 21... Bf6 22. Rd1 Ncxd3 23. f4 Nxb2 24. Qxb2 Ng4 25. Rd3 Ne3+ 26. Rxe3 Bxd4 27. Qc2 Bxe3 28. Ke2 Bxd2 29. Rxd2 dxe4 30. Rxd8+ Rxd8 31. Bxe4 Bxe4 32. Qxe4 Qd4 $19 (32... Qg1 $142 33. Qe3 Qd1+ 34. Kf2 Rd2+ 35. Qxd2 Qxd2+ 36. Kf3) 33. Qc2 Qg1 34. Qe4 Qd1+ 35. Ke3 Qd2+ 36. Kf3 Rd3+ 37. Qxd3 Qxd3+ 38. Kg4 (38. Kf2 Qxb3 39. g4 Qxc4 40. Ke3 b3 41. g5 b2 42. gxh6 b1=Q 43. Kf3 Qbf1+ 44. Kg4 Qfxf4+ 45. Kh5 Qxh6#) 38... f5+ 39. Kh3 Qf1+ 40. Kh4 Qg2 41. h3 g6 42. c5 Kg7 43. g4 Qf2# 0-1

[Event "AZE-ch Women 2019"]
[Site "Baku"]
[Date "2019.02.07"]
[Round "4.5"]
[White "Ismayil, Malak"]
[Black "Abdulla, Khayala"]
[Result "0-1"]
[ECO "B42"]
[WhiteElo "1905"]
[BlackElo "2243"]
[Annotator "RC"]
[PlyCount "184"]
[EventDate "2019.02.04"]
[EventType "swiss"]
[EventCountry "AZE"]
[SourceTitle "playchess.com"]
[Source "ChessBase"]
[SourceQuality "1"]
[TimeControl "40/5400+30:1800+30"]

1. e4 c5 2. Nf3 e6 3. d4 cxd4 4. Nxd4 a6 5. Bd3 Nf6 6. Qe2 d6 7. c4 Qc7 8. Nc3 g6 9. f4 Bg7 10. Nf3 Nbd7 11. O-O O-O 12. Kh1 b6 13. Bd2 Bb7 14. Rac1 Rac8 15. b4 Qb8 16. Qf2 Qa8 17. Rfe1 Rc7 18. Qe2 Rfc8 19. Nd1 b5 20. Nf2 bxc4 21. Rxc4 Rxc4 22. Bxc4 d5 23. Bd3 dxe4 24. Nxe4 Nxe4 25. Bxe4 Nf6 26. Bxb7 Qxb7 27. Qd3 Ng4 28. Qe2 Qb6 29. h3 Nf6 30. Ne5 Nd5 31. Nd7 Qd6 32. Nc5 a5 33. Nb7 Qb6 34. Nxa5 Rc2 35. Qd3 Rxd2 36. Qxd2 Bc3 37. Qc1 Qxb4 38. Nc6 Qd6 39. Ne5 Bxe1 40. Qxe1 Nxf4 41. Nf3 f6 42. a4 e5 43. Qe4 Nd3 44. Qc4+ Kg7 45. a5 e4 46. Nd4 Qg3 47. a6 Nf2+ 48. Kg1 Nxh3+ 49. Kh1 Nf4 50. Ne6+ Nxe6 51. Qxe6 e3 52. a7 Qh4+ 53. Kg1 Qf2+ 54. Kh2 e2 55. a8=Q Qh4+ 56. Qh3 Qxh3+ 57. Kxh3 e1=Q 58. Kh2 Qh4+ 59. Kg1 Qd4+ 60. Kh1 g5 61. Qb7+ Kg6 62. Qb1+ f5 63. Qb3 Qd7 64. Qb6+ Kh5 65. Qb3 g4 66. Qe3 Qd6 67. g3 Qd1+ 68. Kg2 Qc2+ 69. Kg1 Qb1+ 70. Kh2 Qc2+ 71. Kg1 Qe4 72. Qb3 Qe7 73. Qd3 Kg5 74. Qd2+ Kg6 75. Qc3 h5 76. Qc6+ Kh7 77. Qc3 h4 78. gxh4 Qxh4 79. Qc7+ Kg6 80. Qc6+ Qf6 81. Qe8+ Qf7 82. Qc6+ Kg5 83. Qc1+ f4 84. Qc5+ Qf5 85. Qe7+ Qf6 86. Qc5+ Kh4 87. Qf2+ g3 88. Qf3 Qd4+ 89. Kf1 Qe3 90. Qh1+ Kg4 91. Qh3+ Kg5 92. Kg2 f3+ 0-1

[Event "AZE-ch Women 2019"]
[Site "Baku"]
[Date "2019.02.07"]
[Round "4.7"]
[White "Soyunlu, Narmin"]
[Black "Babayeva, Samira"]
[Result "1-0"]
[ECO "B12"]
[WhiteElo "2029"]
[BlackElo "1773"]
[Annotator "NA RC"]
[PlyCount "53"]
[EventDate "2019.02.04"]
[EventType "swiss"]
[EventCountry "AZE"]
[SourceTitle "playchess.com"]
[Source "ChessBase"]
[SourceQuality "1"]
[TimeControl "40/5400+30:1800+30"]

1. e4 c6 2. d4 d6 3. Nc3 Qc7 4. f4 g6 5. Nf3 Bg7 6. Be3 b5 7. a3 Nd7 8. Be2 e5 9. O-O Ngf6 (9... Ne7 $16) 10. dxe5 dxe5 11. Nxe5 Nxe5 12. fxe5 Qxe5 13. Bd4 Qe6 14. Nxb5 $1 Qe7 $2 (14... cxb5 15. Bxb5+ Bd7 16. Bxd7+ Qxd7) 15. Bxf6 (15. e5 $142 O-O 16. exf6 Bxf6 17. Bxf6 Qe3+ 18. Rf2 cxb5 19. Bd4) 15... Bxf6 {[%emt 0:00:07] [#]} 16. Rxf6 $1 Qxf6 17. Nc7+ {[%emt 0:00:40] Double Attack} Ke7 18. Nxa8 Rd8 19. Qe1 Bb7 $2 (19... Qe5 20. Qf2 Qd4 21. Qxd4 Rxd4) 20. Qb4+ {[%emt 0:01:09] Double Attack} Qd6 21. Qxb7+ {[%emt 0:00:26] Double Attack} Kf8 22. Qxa7 c5 23. Rd1 Qf6 24. Qxc5+ Kg7 25. Rxd8 Qxd8 26. Qc3+ Kg8 27. Nc7 $18 1-0

[Event "AZE-ch Women 2019"]
[Site "Baku"]
[Date "2019.02.07"]
[Round "4.8"]
[White "Heydarova, Aytaj"]
[Black "Babazade, Zhala"]
[Result "1/2-1/2"]
[ECO "A05"]
[WhiteElo "1747"]
[BlackElo "1823"]
[Annotator "NA"]
[PlyCount "115"]
[EventDate "2019.02.04"]
[EventType "swiss"]
[EventCountry "AZE"]
[SourceTitle "playchess.com"]
[Source "ChessBase"]
[SourceQuality "1"]
[TimeControl "40/5400+30:1800+30"]

1. Nf3 Nf6 2. g3 g6 3. Bg2 Bg7 4. d3 d6 5. O-O c6 6. c4 Bd7 7. Nc3 Qc8 8. Re1 O-O 9. Rb1 h6 10. b4 a6 {[%emt 0:01:59] [#]} ({Black should try} 10... Na6 $14) 11. Bb2 (11. Na4 $1 $16 Qd8 12. Be3) 11... Bh3 12. Bh1 Nbd7 13. Qb3 e5 14. Nd2 Be6 15. a4 Ne8 16. Ba3 f5 17. Bg2 Rb8 18. Rec1 g5 19. Qd1 Qd8 20. b5 axb5 21. cxb5 c5 $1 22. Nd5 (22. Bd5 $14 Bxd5 23. Nxd5) 22... b6 23. Nc4 Rf7 24. Qd2 Bf8 $2 {[%emt 0:01:45] [#]} (24... f4 $15 {keeps the upper hand.} 25. Nc3 e4) 25. a5 $1 bxa5 26. Nxa5 Qc8 27. Nc6 Rb7 28. b6 Bxd5 ({Wrong is} 28... Qxc6 $2 {[#]} 29. Ne7+ $1 {[%mdl 576] Discovered Attack} Rxe7 30. Bxc6 $18) 29. Bxd5 Nxb6 30. Bxf7+ Kxf7 31. Na5 Rb8 32. Rb3 Nd7 33. Rcb1 Rxb3 34. Rxb3 Nef6 35. e4 f4 (35... fxe4 $11 36. dxe4 Qa6) 36. f3 Be7 37. Qa2 Kg6 38. Nc4 ({But not} 38. Rb7 $6 Bd8 $14) 38... Nf8 (38... Kh7 $16 39. Bc1 Qg8) 39. Rb6 $2 N8d7 $1 $11 40. Rb1 $2 (40. Nxd6 Qf8 41. Rc6) 40... Nf8 (40... Qa8 $142 41. Qe2 h5) 41. Rb6 (41. gxf4 $18 gxf4 {[#]} 42. d4 $1 exd4 43. e5) 41... Qe6 $2 42. Qb2 (42. gxf4 $18 gxf4 43. Qf2 (43. Bxc5 N6d7 $16)) 42... N8d7 43. Ra6 h5 44. Qf2 (44. Qa2 $18 g4 45. Bb2) 44... Nb8 45. Rb6 Nbd7 46. Rb5 Qh3 47. Qg2 Qe6 48. Bc1 fxg3 49. Qxg3 g4 50. Ne3 Bf8 51. Nf5 (51. fxg4 $16 hxg4 52. Rb2) 51... c4 52. fxg4 hxg4 53. Qe3 cxd3 54. Qg5+ Kf7 55. Nh4 {[%emt 0:00:26] [#]} Nxe4 (55... Qc4 $1 $17 56. Rb1 (56. Qg6+ $2 Ke7 $19) 56... Qxe4) 56. Qh5+ Kg7 57. Nf5+ Kf6 58. Qg6+ $19 (58. Ne3 $11) 1/2-1/2

[Event "AZE-ch Women 2019"]
[Site "Baku"]
[Date "2019.02.07"]
[Round "4.9"]
[White "Jafarova, Aysel"]
[Black "Hajiyeva, Altunay"]
[Result "1-0"]
[ECO "D45"]
[WhiteElo "1376"]
[BlackElo "1315"]
[Annotator "NA RC"]
[PlyCount "81"]
[EventDate "2019.02.04"]
[EventType "swiss"]
[EventCountry "AZE"]
[SourceTitle "playchess.com"]
[Source "ChessBase"]
[SourceQuality "1"]
[TimeControl "40/5400+30:1800+30"]

1. d4 d5 2. Nf3 e6 3. c4 c6 4. Nc3 Nf6 5. e3 Nbd7 6. Qc2 Bd6 7. Bd3 e5 8. cxd5 Nxd5 9. Nxd5 cxd5 10. e4 h6 11. O-O dxe4 12. Bxe4 O-O 13. Rd1 Qe7 14. Re1 Qf6 15. Be3 Re8 16. a3 a6 17. Rad1 Qe7 18. Bf4 Kh8 19. Bg3 f6 20. Nh4 Nf8 21. h3 Bd7 22. Qd2 Rab8 23. dxe5 Bxe5 24. f4 Red8 25. Bd5 Be6 26. fxe5 Rxd5 27. Qe3 Rbd8 28. Rxd5 Rxd5 29. exf6 Qxf6 30. Rf1 Qe7 31. Rxf8+ Kh7 32. Qe4+ Rf5 33. Rxf5 g6 34. Re5 Qf8 35. Qxg6+ Kh8 36. Rxe6 Qc5+ 37. Kh2 Qf8 38. Re8 Qxe8 39. Qxe8+ Kh7 40. Qf7+ Kh8 41. Ng6# 1-0

[Event "AZE-ch Women 2019"]
[Site "Baku"]
[Date "2019.02.09"]
[Round "6.1"]
[White "Beydullayeva, Govhar"]
[Black "Mammadzada, Gunay"]
[Result "0-1"]
[ECO "D10"]
[WhiteElo "2239"]
[BlackElo "2422"]
[Annotator "NA"]
[PlyCount "82"]
[EventDate "2019.02.04"]
[EventType "swiss"]
[EventCountry "AZE"]
[SourceTitle "playchess.com"]
[Source "ChessBase"]
[SourceQuality "1"]
[TimeControl "40/5400+30:1800+30"]

1. d4 d5 2. c4 c6 3. Nc3 Nf6 4. e3 g6 5. Bd3 Bg7 6. h3 O-O 7. Nf3 c5 8. O-O cxd4 9. exd4 Nc6 10. a3 {[%emt 0:04:22] D94: Grünfeld: 4 Nf3 Bg7 5 e3} b6 11. Bg5 Be6 12. cxd5 Nxd5 $146 ({Predecessor:} 12... Bxd5 13. Ne5 Nxd4 14. Qa4 Bb3 15. Qa6 Nd7 16. Nxd7 Qxd7 17. Rfe1 e6 {0-1 (28) Nagimov,A (2259)-Kamsky,G (2670) Kazan 2016}) 13. Qa4 Nxc3 14. bxc3 Na5 15. Qb4 Re8 16. Rfe1 Qd6 17. Bb5 Rec8 18. Bxe7 Qd5 19. Ne5 Qb3 20. Re3 Bh6 21. Rd3 Rc7 22. Bd6 Rcc8 23. Qxb3 Nxb3 24. Rad1 Bf5 25. Rf3 Nd2 26. Rxf5 gxf5 27. Nc6 Ne4 28. Ne7+ Kh8 29. Nxf5 Bg5 {[%emt 0:00:42] [#]} (29... Nxd6 $15 30. Nxd6 Rxc3) 30. h4 (30. Ba6 $1 $16) 30... Bf6 (30... Bxh4 $5 31. Rd3 Bf6 $17) 31. Ba6 Nxc3 32. Rd3 Ne2+ $11 33. Kf1 Rc2 34. d5 Nc3 35. g4 Ne4 36. Bb4 Nxf2 37. Rf3 Nxg4 38. Kg1 Rg8 39. d6 Ne3+ 40. Ng3 Rg2+ 41. Kh1 R2xg3 0-1

[Event "AZE-ch Women 2019"]
[Site "Baku"]
[Date "2019.02.09"]
[Round "6.2"]
[White "Balajayeva, Khanim"]
[Black "Mamedjarova, Turkan"]
[Result "1-0"]
[ECO "C87"]
[WhiteElo "2397"]
[BlackElo "2267"]
[Annotator "NA"]
[PlyCount "130"]
[EventDate "2019.02.04"]
[EventType "swiss"]
[EventCountry "AZE"]
[SourceTitle "playchess.com"]
[Source "ChessBase"]
[SourceQuality "1"]
[TimeControl "40/5400+30:1800+30"]

1. e4 e5 2. Nf3 Nc6 3. Bb5 a6 4. Ba4 Nf6 5. O-O d6 6. Re1 Be7 7. c3 Bg4 8. Bxc6+ bxc6 9. d4 {[%emt 0:00:42] C87: Closed Ruy Lopez: Steinitz-type lines after 6 Re1 d6} Nd7 10. h3 (10. Nbd2 exd4 11. cxd4 O-O 12. Qc2 c5 13. b3 cxd4 14. Nxd4 Bf6 15. Bb2 c5 16. Nc6 Qc7 17. Nb4 Be6 18. Bxf6 Nxf6 19. Nd3 a5 20. Nc4 Rfe8 21. Nf4 a4 22. Rad1 axb3 {½-½ (22) Draganic,V (2263)-Blagojevic,D (2499) Cetinje 2010}) 10... Bxf3 11. Qxf3 Bg5 $146 ({Predecessor:} 11... O-O 12. Nd2 c5 13. d5 g6 14. g4 Bg5 15. Nf1 Kg7 16. Re2 Rh8 {½-½ (42) Hodges,A-Showalter,J Cambridge Springs 1904}) 12. Na3 Bxc1 13. Raxc1 Qg5 14. Nc4 O-O 15. b4 Rae8 16. Qg4 Qxg4 17. hxg4 f6 18. Na5 Nb8 19. f3 Kf7 20. Kf2 Ke7 21. Rcd1 Rc8 22. g3 Rh8 23. Rh1 h6 24. f4 Rhe8 $16 25. Kf3 Kf7 26. Rh5 Re7 27. dxe5 dxe5 28. fxe5 Rxe5 29. Rxe5 fxe5 30. Nb3 Ke7 31. Nc5 Rf8+ 32. Ke2 Rf6 33. Rf1 Rg6 34. Rf5 Rxg4 35. Rxe5+ Kf7 36. Rf5+ Ke7 37. Kf3 Rg6 38. e5 Nd7 39. Nxa6 c5 40. b5 c6 41. b6 Nxb6 42. Nxc5 Nd7 43. Nxd7 Kxd7 44. Rf8 h5 45. a4 c5 46. Ra8 Rg5 47. Kf4 Rg4+ 48. Kf5 Rxg3 49. a5 Rf3+ 50. Kg6 Rg3+ 51. Kf7 Rf3+ 52. Kxg7 Rxc3 53. a6 c4 54. a7 Ra3 55. Kf7 Rf3+ 56. Kg6 Ra3 57. Kf6 Rf3+ 58. Kg5 Ra3 59. Kf4 c3 60. Ke3 c2+ 61. Kd2 h4 62. Rh8 Ke6 63. a8=Q Rxa8 64. Rxa8 Kxe5 65. Rh8 Kd5 1-0

[Event "AZE-ch Women 2019"]
[Site "Baku"]
[Date "2019.02.09"]
[Round "6.4"]
[White "Allahverdiyeva, Ayan"]
[Black "Abdulla, Khayala"]
[Result "1/2-1/2"]
[ECO "B28"]
[WhiteElo "2051"]
[BlackElo "2243"]
[Annotator "NA"]
[PlyCount "68"]
[EventDate "2019.02.04"]
[EventType "swiss"]
[EventCountry "AZE"]
[SourceTitle "playchess.com"]
[Source "ChessBase"]
[SourceQuality "1"]
[TimeControl "40/5400+30:1800+30"]

1. e4 c5 2. Nf3 a6 3. Nc3 b5 4. d4 cxd4 5. Nxd4 Bb7 6. a3 e6 7. g3 Nf6 8. Bg2 b4 {[%emt 0:05:57] B43: Sicilian: Kan Variation: 5 Nc3} (8... d6 $11) 9. axb4 Bxb4 {[%emt 0:00:03] LiveBook: 6 Games} 10. O-O h6 $146 (10... O-O $14) ({Predecessor:} 10... d6 11. Bg5 Nbd7 12. e5 Bxg2 13. exf6 gxf6 14. Qh5 Bxc3 15. Nxe6 Qe7 16. Ng7+ {½-½ (47) Lopez Silva,H (2399)-Flores,D (2609) Antofagasta 2019}) 11. e5 {[%emt 0:05:46] Discovered Attack} Bxg2 12. Kxg2 Bxc3 13. bxc3 Nd5 14. Qg4 g6 15. Qf3 Qb6 16. Ba3 $16 Nc6 17. Rfe1 Na5 18. Reb1 Qd8 19. Qd3 Qc8 20. Bb4 Nc4 21. Nf3 a5 22. Bd6 Nxd6 23. exd6 O-O 24. c4 Nb4 25. Qe2 Qc5 26. c3 Nc6 27. Qd3 Na7 28. Rb7 Nc8 29. Rxd7 Qc6 30. Rc7 Qxd6 31. Qxd6 Nxd6 32. Ra4 Ne4 33. Ra3 Rfb8 34. Ne5 Nd6 1/2-1/2

[Event "AZE-ch Women 2019"]
[Site "Baku"]
[Date "2019.02.09"]
[Round "6.5"]
[White "Ismayil, Malak"]
[Black "Hojjatova, Aydan"]
[Result "0-1"]
[ECO "C03"]
[WhiteElo "1905"]
[BlackElo "2303"]
[Annotator "NA"]
[PlyCount "142"]
[EventDate "2019.02.04"]
[EventType "swiss"]
[EventCountry "AZE"]
[SourceTitle "playchess.com"]
[Source "ChessBase"]
[SourceQuality "1"]
[TimeControl "40/5400+30:1800+30"]

1. d4 e6 2. e4 d5 3. Nd2 a6 4. Ngf3 c5 5. c3 Nc6 6. Bd3 cxd4 7. cxd4 dxe4 8. Nxe4 Be7 9. a3 Nf6 10. O-O O-O 11. Nc3 b5 12. Be3 Bb7 13. Rc1 Rc8 14. Qe2 Qd6 {[%emt 0:09:13] B22: Sicilian: 2 c3} (14... b4 15. Ne4 a5 16. Nc5 Ba8 17. Rfd1 Qd6 18. Rc4 Rfd8 19. Rdc1 h6 20. Bc2 Qd5 21. h3 Bf8 22. axb4 axb4 {½-½ (83) Futida,S (2311)-Rocco,J (2466) CADAP corr 2000}) 15. Rfd1 $146 ({Predecessor:} 15. b4 Bd8 16. d5 Nxd5 17. Bc5 Nxc3 18. Rxc3 Qf4 19. Bxf8 Nd4 20. Nxd4 Rxc3 21. Bc5 e5 22. g3 {1-0 (33) Tanrikulu,S (2259)-Ali Marandi,C (1854) Safranbolu 2009}) 15... Rfd8 16. h3 Qb8 17. Ne4 Nxe4 18. Bxe4 Na5 19. Bxb7 Qxb7 20. Rxc8 $15 Rxc8 21. Rc1 Rxc1+ 22. Bxc1 Qc6 23. Bf4 f6 24. h4 Nc4 25. Qc2 Qd7 26. a4 Nb6 27. axb5 axb5 28. b3 Nd5 29. Bd2 b4 30. Qc4 Qa7 31. Qb5 Kf7 32. Qd3 g6 33. h5 Qa1+ 34. Kh2 Qd1 35. hxg6+ hxg6 36. g3 Nc3 37. Nh4 Qh5 38. Kg2 g5 39. Nf3 g4 40. Ne1 Qd5+ 41. Kg1 Ne4 42. Be3 f5 43. Qc2 Nc3 44. Nd3 Bd6 45. Nc1 Qf3 46. Qd2 Nd5 47. Ne2 Nf6 48. Nc1 Nd5 49. Ne2 Qe4 50. Kh2 Qb1 51. Nc1 Qe4 52. Ne2 Qf3 53. Kg1 Ke8 54. Qd3 Kf7 55. Qd2 Ke7 56. Qd3 Kf6 57. Qd2 Ke7 58. Qd3 Nxe3 59. Qxe3 Kd7 60. Kf1 Qxe3 61. fxe3 Kc6 62. Kg2 Kd5 63. Kf2 Ke4 64. Nc1 Bxg3+ 65. Kxg3 Kxe3 66. Kg2 f4 67. Kf1 f3 68. Na2 g3 69. Nxb4 g2+ 70. Kg1 f2+ 71. Kxg2 Ke2 0-1

[Event "AZE-ch Women 2019"]
[Site "Baku"]
[Date "2019.02.09"]
[Round "6.6"]
[White "Soyunlu, Narmin"]
[Black "Gasimova, Samra"]
[Result "1-0"]
[ECO "D35"]
[WhiteElo "2029"]
[BlackElo "1693"]
[Annotator "NA"]
[PlyCount "52"]
[EventDate "2019.02.04"]
[EventType "swiss"]
[EventCountry "AZE"]
[SourceTitle "playchess.com"]
[Source "ChessBase"]
[SourceQuality "1"]
[TimeControl "40/5400+30:1800+30"]

1. d4 d5 2. c4 e6 3. cxd5 exd5 4. Nc3 Nf6 5. Bg5 Bb4 6. e3 O-O 7. Bd3 c6 {[%emt 0:04:41] D35: Queen's Gambit Declined: Exchange Variation} 8. Nge2 b6 $146 ({Predecessor:} 8... Nbd7 9. O-O Re8 10. Qc2 Nf8 11. f3 h6 12. Bxf6 Qxf6 13. e4 dxe4 14. fxe4 Qg5 15. Rf3 Bxc3 16. bxc3 f6 {1-0 (28) Kunin,V (2551)-Hofmann,T (2248) Schwarzach 2017}) 9. O-O Bb7 10. f3 h6 11. Bh4 (11. Bxf6 $5 Qxf6 12. e4 $11) 11... c5 12. a3 Bxc3 13. bxc3 Nbd7 14. e4 g5 15. e5 gxh4 16. exf6 (16. Qd2 $14 Kg7 17. exf6+ Qxf6 18. Nf4) 16... Qxf6 17. f4 (17. Qd2 $15) 17... Kh8 18. Rf3 Rg8 19. Kh1 Nf8 20. Qd2 Ne6 21. Rg1 cxd4 $11 22. cxd4 Rg7 23. Re3 h3 24. Rxh3 Rag8 25. Rh5 Nf8 26. Ng3 Bc8 1-0

[Event "AZE-ch Women 2019"]
[Site "Baku"]
[Date "2019.02.09"]
[Round "6.7"]
[White "Hajiyeva, Laman"]
[Black "Babazade, Zhala"]
[Result "1/2-1/2"]
[ECO "E81"]
[WhiteElo "2040"]
[BlackElo "1823"]
[Annotator "NA"]
[PlyCount "173"]
[EventDate "2019.02.04"]
[EventType "swiss"]
[EventCountry "AZE"]
[SourceTitle "playchess.com"]
[Source "ChessBase"]
[SourceQuality "1"]
[TimeControl "40/5400+30:1800+30"]

1. d4 Nf6 2. c4 g6 3. Nc3 Bg7 4. e4 d6 5. f3 O-O 6. Be3 c6 7. Qd2 a6 8. Bd3 b5 9. Nge2 Nbd7 10. O-O Bb7 {[%emt 0:02:48] E81: King's Indian: Sämisch: 6th move deviations (including 6 Be3 c6)} (10... bxc4 11. Bxc4 d5 12. Bb3 Nb6 13. e5 Ne8 14. Na4 Nxa4 15. Bxa4 Qb6 16. Rac1 Bd7 17. Nf4 Nc7 18. Nd3 Rab8 19. Nc5 {½-½ (59) Neverov,V (2484)-Bortnyk,O (2600) Omelnyk 2017}) 11. a3 bxc4 12. Bxc4 d5 $146 ({Predecessor:} 12... Qc7 13. b4 Nb6 14. Bd3 a5 15. b5 c5 16. Rac1 Rfc8 17. e5 Nfd7 18. Ne4 {0-1 (25) Kumar,P (1976)-Humphreys,S (1993) ICCF email 2008}) 13. exd5 (13. Ba2 $1 $14) 13... Nxd5 14. Bg5 Re8 15. Rac1 Nxc3 16. bxc3 Qa5 17. Rb1 Bc8 18. f4 Nf6 19. Qa2 (19. Ng3 $1 $11) 19... e6 (19... Nd5 $17) 20. Bxf6 Bxf6 21. Rf3 Ra7 22. Ng3 Be7 $2 {[%emt 0:03:45] [#]} (22... Rd8 $11) 23. f5 $16 Bh4 24. fxg6 hxg6 25. Ne4 Qd8 26. Qd2 Kg7 27. Rbf1 f5 28. Nc5 e5 29. Rb1 e4 30. Rff1 e3 31. Qe2 Qd6 32. Nd3 Qxa3 33. Rb3 Qd6 34. Ne5 Bf2+ 35. Rxf2 exf2+ 36. Qxf2 Rb7 37. Qg3 Rxb3 38. Bxb3 c5 39. Qe3 cxd4 40. cxd4 Be6 41. Bxe6 Rxe6 42. h4 Qd8 43. Qc3 Rd6 44. Nf3 Qb6 45. Ng5 a5 46. Qe3 Qd8 47. Kh1 Qf6 48. Qe8 Rxd4 49. Ne6+ Kh6 50. Nxd4 Qxh4+ 51. Kg1 Qxd4+ 52. Kh2 a4 53. Qf8+ Kh5 54. Qa3 Qc4 55. Qf3+ Kg5 56. Qg3+ Qg4 57. Qa3 Qe4 58. Qg3+ Kh5 59. Qc3 Qf4+ 60. Kg1 Qd6 61. Qf3+ Kg5 62. Qe3+ f4 63. Qe2 a3 64. Qa2 Qc5+ 65. Kh2 Kf5 66. Qf7+ Kg5 67. Qb3 Kf6 68. Qg8 Qh5+ 69. Kg1 Qd1+ 70. Kh2 Qd6 71. Qh8+ Kg5 72. Kh1 a2 73. Qa1 Qd5 74. Kh2 Kg4 75. Qb2 g5 76. Qc3 f3 77. gxf3+ Qxf3 78. Qc8+ Qf5 79. Qc3 Qf2+ 80. Kh1 Qf1+ 81. Kh2 a1=Q 82. Qf3+ Kh4 83. Qxf1 Qe5+ 84. Kh1 g4 85. Qf2+ g3 86. Qd2 Qe4+ 87. Kg1 1/2-1/2